 Dungeon Crawl Stone Soup version 0.20-a0-443-g0464b71 (webtiles) character file.

35293 Amnesiac the Covert (level 13, -5/93 HPs)
             Began as a Mummy Enchanter on Jan 6, 2017.
             Was an Initiate of Gozag.
             Slain by an orc warrior
             ... wielding a +0 short sword
              (10 damage)
             ... on level 2 of the Orcish Mines.
             The game lasted 00:57:18 (23183 turns).

Amnesiac the Covert (Mummy Enchanter)              Turns: 23183, Time: 00:57:19

Health: -5/93      AC: 11    Str: 12    XL:     13   Next: 46%
Magic:  18/33      EV: 15    Int: 16    God:    Gozag
Gold:   921        SH:  5    Dex: 15    Spells: 15/27 levels left

rFire  + + .     SeeInvis .     w - +2 dagger (elec)
rCold  + + .     Gourm    .     m - +1 ring mail of Exclusion {rF++ rC++}
rNeg   + + +     Faith    .     i - +0 buckler
rPois  ∞         Spirit   .     (no helmet)
rElec  .         Reflect  .     v - +2 cloak
rCorr  .         Harm     .     H - +0 pair of gloves
MR     +....                    B - +0 pair of boots
Stlth  +++++++++.               (no amulet)
                                l - ring of Tofo {Fire MP+9 Stlth+}
                                b - ring of Shadows {Umbra +Inv Stlth+}

@: wreathed by umbra
A: no food or potions, fire vulnerability, cold resistance 1, negative energy
resistance 3, torment resistance, unbreathing, in touch with death 1
a: Potion Petition, Call Merchant, Bribe Branch, Renounce Religion, Evoke
Invisibility


You were on level 2 of the Orcish Mines.
You worshipped Gozag.
Gozag was pleased with you.
You were not hungry.

You visited 3 branches of the dungeon, and saw 17 of its levels.
You also visited: Sewer.

You collected 5180 gold pieces.
You spent 1830 gold pieces at shops.
You paid 2429 gold pieces to Gozag.

Inventory:

Hand Weapons
 h - a +1 dagger of venom
 k - a +2 short sword of draining
 w - a +2 dagger of electrocution (weapon)
Missiles
 o - 2 throwing nets (quivered)
Armour
 i - a +0 buckler (worn)
 m - the +1 ring mail of Exclusion (worn) {rF++ rC++}
   (You bought it in a shop on level 9 of the Dungeon)

   It greatly protects you from fire.
   It greatly protects you from cold.
 v - a +2 cloak (worn)
 B - a +0 pair of boots (worn)
 G - a +2 robe of positive energy
 H - a +0 pair of gloves (worn)
Jewellery
 b - the ring of Shadows (left hand) {Umbra +Inv Stlth+}
   (You bought it in a shop on level 11 of the Dungeon)

   [ring of stealth]

   It lets you turn invisible.
   It makes you more stealthy.
 l - the ring of Tofo (right hand) {Fire MP+9 Stlth+}
   (You bought it in a shop on level 11 of the Dungeon)

   [ring of fire]

   It enhances your fire magic.
   It protects you from fire.
   It makes you vulnerable to cold.
   It affects your magic capacity (+9).
   It makes you more stealthy.
 t - an uncursed ring of protection from fire
 A - a +1 ring of evasion
 D - an uncursed ring of protection from magic
 F - an uncursed ring of flight
Wands
 g - a wand of lightning (10/15)
 p - a wand of polymorph (17/24)
 s - a wand of iceblast (3/15)
 x - a wand of random effects (35/48)
 y - a wand of lightning (5/15)
 C - a wand of flame (17/48)
 E - a wand of lightning (4/15)
 J - a wand of confusion (20/48)
Scrolls
 d - 10 scrolls of remove curse
 e - 13 scrolls of identify
 j - 2 scrolls of immolation
 n - 3 scrolls of enchant weapon
 r - 4 scrolls of recharging
 z - a scroll of enchant armour
 K - a scroll of amnesia
Books
 a - a book of Dreams

   Spells                             Type                      Level
   a - Ensorcelled Hibernation        Hexes/Ice                    2
   b - Silence                        Hexes/Air                    5
   c - Darkness                       Hexes                        6
   d - Shadow Creatures               Summoning                    6
 c - a book of Maledictions

   Spells                             Type                      Level
   a - Corona                         Hexes                        1
   b - Ensorcelled Hibernation        Hexes/Ice                    2
   c - Confuse                        Hexes                        3
   d - Tukima's Dance                 Hexes                        3
   e - Dazzling Spray                 Conjuration/Hexes            3
 f - a book of Misfortune

   Spells                             Type                      Level
   a - Confusing Touch                Hexes                        1
   b - Confuse                        Hexes                        3
   c - Gell's Gravitas                Hexes/Translocation          3
   d - Petrify                        Transmutation/Earth          4
   e - Metabolic Englaciation         Hexes/Ice                    5
   f - Yara's Violent Unravelling     Hexes/Transmutation          5
 q - a book of Necromancy

   Spells                             Type                      Level
   a - Pain                           Necromancy                   1
   b - Animate Skeleton               Necromancy                   1
   c - Vampiric Draining              Necromancy                   3
   d - Regeneration                   Charms/Necromancy            3
   e - Animate Dead                   Necromancy                   4
   f - Control Undead                 Necromancy                   4
 u - a book of Battle

   Spells                             Type                      Level
   a - Infusion                       Charms                       1
   b - Shroud of Golubria             Charms/Translocation         2
   c - Song of Slaying                Charms                       2
   d - Spectral Weapon                Hexes/Charms                 3
   e - Regeneration                   Charms/Necromancy            3


   Skills:
 - Level 6.0 Fighting
 - Level 10.0 Short Blades
   Level 0.5 Polearms
 - Level 9.0 Dodging
 + Level 10.7 Stealth
 - Level 4.0 Shields
 - Level 7.5 Spellcasting
 - Level 9.0 Hexes


You had 15 spell levels left.
You knew the following spells:

 Your Spells              Type           Power        Failure   Level  Hunger
a - Dazzling Spray        Conj/Hex       ###...       14%         3    N/A
e - Confuse               Hex            ####....     1%          3    N/A
f - Corona                Hex            ####...      1%          1    N/A
w - Tukima's Dance        Hex            ####....     1%          3    N/A
z - Ensorcelled Hibernat  Hex/Ice        ###...       10%         2    N/A

Dungeon Overview and Level Annotations

Branches:
Dungeon (14/15)            Temple (1/1) D:4            Lair (0/6) D:11
    Orc (2/2) D:9             Elf (0/3) Orc:2        Vaults (0/5) D:14

Altars:
Ashenzari
Cheibriados
Dithmenos
Elyvilon
Fedhas
Gozag
Hepliaklqana
Kikubaaqudgha
Makhleb
Nemelex Xobeh
Okawaru
Qazlal
Ru
Sif Muna
Trog
Uskayaw
Xom
Yredelemnul
Zin
The Shining One

Shops:
D:4 !:   D:5 *   D:9 *   D:11 =   Orc:2 %


Innate Abilities, Weirdness & Mutations

You do not eat or drink.
Your flesh is vulnerable to fire.
You are immune to poison.
Your flesh is cold resistant. (rC+)
You are immune to negative energy. (rN+++)
You are immune to unholy pain and torment.
You can survive without breathing.
You are in touch with the powers of death.


Message History

Beogh smites you!
* * * LOW HITPOINT WARNING * * *
The orc warrior hits you with a short sword.
* * * LOW HITPOINT WARNING * * *
The orc barely misses you.
You closely miss the orc priest.
The orc priest is moderately wounded.
The orc wizard closely misses you. You block the orc priest's attack.
The orc hits you but does no damage.
You hit the orc priest.
The orc priest is moderately wounded.
The orc priest mumbles some strange prayers to Beogh against you.
Beogh smites you!
* * * LOW HITPOINT WARNING * * *
You block the orc warrior's attack. The orc hits you but does no damage.
The orc wizard casts a spell.
The orc wizard seems to speed up.
The orc warrior hits you with a short sword!
You die...
Your body crumbles into a pile of gold.

# #..##.......'..## #...
##.##.##...###..####'#
#.####....#.##..##..# ....o.
#.###....#...##....##
.....#####.##.........#######
.....o................#.##..#
#......#####.##.......###.).# ...
.....##.##.#.....###...# #o.
.o..##.##@#....##.#)).# ..
#o..##)##oo..#........## #. #.
##..##.[##.o.o.....#....###
#∩.#.##...##)###........).##.##)#
#....$o.##..# #...##.#......))).
##.....##..## #..###.##..#..)#)#
#####o.$o## #####...#####.####
###### #.......## ###
################........#


You could see an orc warrior, an orc priest, an orc wizard and an orc.

Vanquished Creatures
  Snorg (Orc:2)
  Erica (D:9)
  A death knight (D:13)
  7 two-headed ogres
  2 orc high priests (Orc:2)
  Nergalle (D:11)
  An unseen horror (D:13)
  A wizard (D:13)
  A wolf spider zombie (D:7)
  An oklob plant (Orc:2)
  4 orc knights
  6 orc sorcerers
  2 cyclopes
  An ugly thing (D:12)
  A manticore (D:14)
  2 centaur zombies
  A gargoyle (D:11)
  4 kobold demonologists (D:13)
  2 hellwings (D:7)
  5 trolls
  The ghost of PinkishYellow the Changer, a novice VSTm of Sif Muna (D:5)
  4 hippogriffs
  A hungry ghost (D:11)
  2 wyverns
  16 yaks
  A basilisk (D:13)
  2 dancing weapons
  7 wargs
  Duvessa (D:7)
  4 sky beasts
  24 orc warriors
  3 ice beasts
  A black bear (D:10)
  An eye of draining (D:9)
  A necrophage (D:7)
  2 hornet zombies
  16 ogres
  2 phantoms
  15 centaurs
  A crocodile (D:12)
  6 bullfrogs
  9 big kobolds
  5 gnoll sergeants (D:9)
  2 wyvern zombies (D:7)
  Dowan (D:7)
  2 scorpions
  A wyvern skeleton (D:13)
  7 killer bees
  7 wights
  3 howler monkeys
  9 crimson imps
  2 bullfrog zombies
  17 orc priests
  5 hounds
  2 jellies
  A quasit (D:13)
  6 centaur skeletons
  19 orc wizards
  3 bullfrog skeletons
  Jessica (D:2)
  3 iguanas
  5 worker ants
  A killer bee zombie (D:10)
  3 worker ant zombies
  16 gnolls
  A howler monkey skeleton (D:6)
  13 adders
  A river rat (Sewer)
  4 shadow imps (D:7)
  3 oozes
  An adder skeleton (D:7)
  An adder zombie (D:9)
  2 worms
  3 dart slugs
  5 leopard geckos
  56 orcs
  4 giant cockroaches
  9 hobgoblins
  17 jackals
  3 quokkas
  A ball python (D:3)
  4 bats
  7 frilled lizards
  4 goblins
  32 kobolds
  14 rats
  A spectral orc (D:3)
472 creatures vanquished.

Vanquished Creatures (collateral kills)
  A two-headed ogre (D:11)
  An ogre (D:5)
  A howler monkey skeleton (D:5)
3 creatures vanquished.

Vanquished Creatures (others)
  14 dancing weapons
  A hound (D:7)
  An orc wizard (Orc:2)
  An orc (Orc:1)
  5 withered plants (D:7)
22 creatures vanquished.

Grand Total: 497 creatures vanquished

Notes
Turn   | Place    | Note
-------+----------+-------------------------------------------
     0 | D:1      | Amnesiac the Mummy Enchanter began the quest for the Orb.
     0 | D:1      | Reached XP level 1. HP: 13/13 MP: 4/4
   140 | D:2      | Reached skill level 1 in Short Blades
   140 | D:2      | Reached XP level 2. HP: 9/19 MP: 2/5
   605 | D:3      | Reached XP level 3. HP: 2/24 MP: 4/7
   610 | D:3      | Learned a level 3 spell: Confuse
   614 | D:3      | Learned a level 3 spell: Tukima's Dance
   803 | D:3      | Reached XP level 4. HP: 23/30 MP: 4/8
   841 | D:3      | Found a glowing drain.
   848 | Sewer    | Entered a sewer
   972 | Sewer    | Noticed a big kobold
   995 | Sewer    | Killed a big kobold
   995 | Sewer    | Reached XP level 5. HP: 20/35 MP: 6/10
  1037 | Sewer    | Found a glowing silver altar of Zin.
  1313 | D:4      | Reached skill level 1 in Shields
  1370 | D:4      | Learned a level 3 spell: Dazzling Spray
  1387 | D:4      | Found Tuuppu's Book Boutique.
  1398 | D:4      | Found a glowing golden altar of the Shining One.
  1445 | D:4      | Reached XP level 6. HP: 33/41 MP: 11/11
  1507 | D:4      | Found a staircase to the Ecumenical Temple.
  1593 | Temple   | Entered the Ecumenical Temple
  1810 | Temple   | Became a worshipper of Gozag Ym Sagoz the Greedy
  2390 | D:4      | Found Teorphaoq's Distillery.
  2780 | D:3      | Found a basalt altar of Yredelemnul.
  2889 | D:2      | Found a snail-covered altar of Cheibriados.
  3064 | D:2      | Noticed Jessica
  3092 | D:2      | Killed Jessica
  3371 | D:1      | Reached XP level 7. HP: 27/46 MP: 12/12
  4981 | D:4      | Learned a level 2 spell: Ensorcelled Hibernation
  5009 | D:5      | Entered Level 5 of the Dungeon
  5203 | D:5      | Found a hazy altar of Hepliaklqana.
  5220 | D:5      | Noticed PinkishYellow's ghost (novice VSTm)
  5256 | D:5      | Killed PinkishYellow's ghost
  5256 | D:5      | Reached skill level 5 in Dodging
  5350 | D:5      | Found Zin's Purification Station.
  5352 | D:5      | Found a glowing silver altar of Zin.
  5803 | D:5      | Reached XP level 8. HP: 34/52 MP: 1/14
  7516 | D:7      | Reached skill level 5 in Short Blades
  7516 | D:7      | Reached skill level 5 in Stealth
  7516 | D:7      | Reached XP level 9. HP: 46/57 MP: 1/15
  7749 | D:7      | Noticed Duvessa
  7775 | D:7      | Killed Duvessa
  7785 | D:7      | Noticed Dowan
  7790 | D:7      | Killed Dowan
  8374 | D:7      | Found a bloodstained altar of Trog.
  8903 | D:7      | Noticed a hellwing
  9169 | D:8      | Reached skill level 1 in Fighting
  9312 | D:8      | Found a shattered altar of Ashenzari.
  9418 | D:8      | Noticed a two-headed ogre
  9684 | D:8      | Killed a two-headed ogre
  9684 | D:8      | Reached skill level 5 in Fighting
  9866 | D:8      | Reached XP level 10. HP: 67/76 MP: 3/16
 11774 | D:9      | Noticed a two-headed ogre
 11778 | D:9      | Killed a two-headed ogre
 11796 | D:9      | Noticed Erica
 12141 | D:9      | Found a burning altar of Makhleb.
 12184 | D:9      | Killed Erica
 12184 | D:9      | Reached XP level 11. HP: 81/81 MP: 9/17
 13006 | D:9      | Found a staircase to the Orcish Mines.
 14086 | D:10     | Entered Level 10 of the Dungeon
 14749 | D:10     | Noticed a two-headed ogre
 14756 | D:10     | Killed a two-headed ogre
 15458 | D:11     | Found a staircase to the Lair.
 15465 | D:11     | Noticed a two-headed ogre
 15568 | D:11     | Noticed Nergalle
 15641 | D:11     | Killed a two-headed ogre
 15641 | D:11     | Reached skill level 10 in Short Blades
 15802 | D:11     | Killed Nergalle
 16240 | D:11     | Reached skill level 5 in Hexes
 16332 | D:11     | Reached skill level 5 in Spellcasting
 16332 | D:11     | Reached XP level 12. HP: 75/88 MP: 7/19
 16634 | D:11     | Bought the ring of Shadows {Umbra +Inv Stlth+} for 409 gold pieces
 16636 | D:11     | Bought the ring of Tofo {Fire MP+9 Stlth+} for 452 gold pieces
 16972 | D:12     | Noticed a two-headed ogre
 16980 | D:12     | Killed a two-headed ogre
 17197 | D:12     | Noticed a two-headed ogre
 17202 | D:12     | Killed a two-headed ogre
 18004 | D:13     | Noticed a death knight
 18379 | D:13     | Killed a death knight
 19316 | D:14     | Found a gate to the Vaults.
 19723 | Orc:1    | Entered Level 1 of the Orcish Mines
 19725 | Orc:1    | Noticed a two-headed ogre
 20204 | D:9      | Bought the +1 ring mail of Exclusion {rF++ rC++} for 969 gold pieces
 20235 | D:9      | Killed a two-headed ogre
 20671 | Orc:1    | Noticed a two-headed ogre
 20681 | Orc:1    | Killed a two-headed ogre
 20681 | Orc:1    | Gained mutation: You are in touch with the powers of death. [Mummy growth]
 20681 | Orc:1    | Reached XP level 13. HP: 93/93 MP: 24/24
 20990 | Orc:1    | Noticed a stone giant
 21488 | Orc:2    | Entered Level 2 of the Orcish Mines
 21909 | Orc:2    | Noticed Snorg
 22348 | Orc:2    | Found a staircase to the Elven Halls.
 22724 | Orc:2    | Found Gastriruq's Food Boutique.
 22759 | Orc:2    | Reached skill level 10 in Stealth
 22951 | Orc:2    | HP: 4/93 [orc warrior/hand axe[an orc knight] (20)]
 22967 | Orc:2    | Killed Snorg
 23183 | Orc:2    | Slain by an orc warrior

Vault maps used:
D:1:      doesnt_arrival_goblin_jail
D:2:      lemuel_crystal_altar, uniq_jessica
D:3:      yredelemnul_forgotten_temple_becter, lightli_sewer_entry_pipes
D:4:      lemuel_round_altar, serial_shops, shop, shop
D:5:      old_standard_altar, zin_purify, first_bread
D:7:      cheibrodos_grave_circle, trog_hazing_becter, uniq_duvessa
D:8:      cheibrodos_ashenzari_chains
D:9:      bloody_makhleb, kennysheep_orc_monster_closet_entryway, uniq_erica
D:11:     erik_lair_orcish_takeover, uniq_nergalle
D:14:     erik_vaults_1, hangedman_abyss_or_decor_passed, the_bakery,
          uniq_kirke, uniq_sonja, uniq_louise
Temple:   minmay_temple_curvy_branch
Orc:1:    nicolae_orc_crystal_geode
Orc:2:    st_orc_elflike, mines3_lemuel, uniq_snorg
Sewer:    sewer_kobolds

Skill      XL: |  1  2  3  4  5  6  7  8  9 10 11 12 13 |
---------------+----------------------------------------+-----
Short Blades   | 1 2 5 6 10 | 10.0
Spellcasting   | 3 4 5 7 |  7.5
Hexes          | 3 4 5 9 |  9.0
Dodging        | 2 5 9 |  9.0
Stealth        | 3 5 6 8 10 | 10.7
Shields        | 2 4 |  4.0
Fighting       | 6 |  6.0
Polearms       | |  0.5

Action                   |  1- 3 |  4- 6 |  7- 9 | 10-12 | 13-15 || total
-------------------------+-------+-------+-------+-------+-------++-------
Melee: Dagger            |     6 |   245 |   516 |  1061 |   229 ||  2057
       Trident           |    35 |       |       |       |       ||    35
       Short sword       |       |       |       |    32 |       ||    32
 Cast: Corona            |    12 |       |       |     3 |       ||    15
       Confuse           |     1 |    17 |    89 |   142 |    52 ||   301
       Tukima's Dance    |     1 |     2 |    14 |    26 |     3 ||    46
       Ensorcelled Hiber |       |       |     6 |    63 |    10 ||    79
       Dazzling Spray    |       |       |     5 |     2 |       ||     7
Invok: Potion Petition   |       |       |     1 |     1 |     1 ||     3
       Call Merchant     |       |       |       |     2 |       ||     2
 Abil: Turn Visible      |       |       |       |       |     1 ||     1
  Use: Scroll            |       |       |     6 |     9 |       ||    15
 Stab: Sleeping          |     2 |     4 |    18 |    47 |     6 ||    77
       Distracted        |     1 |       |     2 |     3 |     2 ||     8
       Confused          |       |     8 |    32 |    45 |    17 ||   102
       Invisible         |       |       |     3 |     1 |     8 ||    12
Armor: Robe              |     2 |    35 |    37 |    95 |       ||   169
       Ring mail         |       |       |       |    14 |    25 ||    39
Dodge: Dodged            |    22 |   141 |   260 |   626 |   100 ||  1149
Block: Buckler           |       |    35 |    74 |   187 |    26 ||   322
